 Dungeon Crawl Stone Soup version 0.19.4-9-g45fd643 (webtiles) character file.

264 nikopol the Chopper (level 5, -1/72 HPs)
             Began as a Minotaur Berserker on Feb 21, 2017.
             Was a Believer of Trog.
             Killed by divine providence
             ... invoked by an orc priest
              (12 damage)
             ... on level 3 of the Dungeon.
             The game lasted 00:02:47 (1831 turns).

nikopol the Chopper (Minotaur Berserker)            Turns: 1831, Time: 00:02:47

Health: -1/72      AC:  3    Str: 27    XL:     5   Next: 98%
Magic:  4/4        EV: 13    Int:  4    God:    Trog [**....]
Gold:   66         SH:  0    Dex: 10    Spells: 0 memorised, 4 levels left

rFire  . . .     SeeInvis .     a - +0 hand axe
rCold  . . .     Gourm    .     m - +0 leather armour (curse)
rNeg   . . .     Faith    .     (no shield)
rPois  .         Spirit   .     (helmet restricted)
rElec  .         Reflect  .     (no cloak)
rCorr  .         Harm     .     (no gloves)
MR     .....                    (no boots)
Stlth  ..........               (no amulet)
                                (no ring)
                                (no ring)

@: berserking, very quick
A: retaliatory headbutt, horns 2
a: Berserk, Trog's Hand, Burn Spellbooks, Renounce Religion


You were on level 3 of the Dungeon.
You worshipped Trog.
Trog was pleased with you.
You were hungry.

You visited 1 branch of the dungeon, and saw 3 of its levels.

You collected 66 gold pieces.

Inventory:

Hand Weapons
 a - a +0 hand axe (weapon)
Missiles
 d - 26 arrows (quivered)
Armour
 b - a +0 animal skin
 m - a cursed +0 leather armour (worn)
 s - a +0 ring mail
Jewellery
 f - an uncursed ring of protection from magic {unknown}
 n - an uncursed amulet of guardian spirit {unknown}
 p - a cursed ring of teleportation {unknown}
Wands
 u - a wand of acid (5/15)
Scrolls
 e - a scroll of random uselessness {unknown}
 h - a scroll of teleportation {unknown}
 i - a scroll of remove curse {unknown}
 o - a scroll of fear {unknown}
 q - 3 scrolls of identify {unknown}
 r - a scroll of immolation {unknown}
Potions
 g - a potion of degeneration {unknown}
 j - a potion of flight {unknown}
 k - a potion of experience {unknown}
 l - 2 potions of curing {unknown}
Comestibles
 c - 2 bread rations
 t - 2 fruits


   Skills:
 + Level 5.0 Fighting
 + Level 5.1 Axes
 + Level 4.2 Armour
 + Level 4.0 Dodging


You had 4 spell levels left.
You didn't know any spells.

Dungeon Overview and Level Annotations

Branches:
Dungeon (3/15)

Altars:


Innate Abilities, Weirdness & Mutations

You reflexively headbutt those who attack you in melee.
You have a pair of horns on your head.


Message History

Robin flexes a bicep menacingly.
Robin throws the goblin at you! The hobgoblin hits you with a club.
* * * LOW HITPOINT WARNING * * *
The orc hits you with a mace.
* * * LOW HITPOINT WARNING * * *
You hit Robin.
You feel the power of Trog in you as your rage grows.
You kill Robin!
Trog accepts your kill.
Your Dodging skill increases to level 4!
You hit the hobgoblin. You closely miss the orc. You slash the goblin!
You kill the goblin!
Trog accepts your kill.
You hit the goblin.
You feel the power of Trog in you as your rage grows.
You kill the goblin!
Trog accepts your kill.
The orc priest invokes the aid of Beogh against you.
Beogh smites you!
You die...

.# ... .##
.#...
....#.#.#
..r.#g#.#
#......##
##.$..o..
....o.go##
#.#@†####.##
#oo)).<....#
####(####..#
#.# # ..#
.[.. ###.#
#.# #.#


You could see 2 orc priests, 3 orcs, a quokka, a hobgoblin and a goblin.

Vanquished Creatures
  Sigmund (D:2)
  Robin (D:3)
  3 adders (D:2)
  2 worms (D:2)
  2 dart slugs
  2 giant cockroaches
  13 goblins
  10 hobgoblins
  4 jackals (D:1)
  A quokka (D:2)
  2 ball pythons
  5 bats
  3 frilled lizards
  6 kobolds
  5 rats
60 creatures vanquished.

Notes
Turn   | Place    | Note
-------+----------+-------------------------------------------
     0 | D:1      | nikopol the Minotaur Berserker began the quest for the Orb.
     0 | D:1      | Reached XP level 1. HP: 19/19 MP: 0/0
   351 | D:1      | Reached XP level 2. HP: 23/27 MP: 1/1
   888 | D:2      | Reached XP level 3. HP: 33/33 MP: 2/2
   891 | D:2      | Reached ** piety under Trog
  1230 | D:2      | Noticed Sigmund
  1243 | D:2      | Killed Sigmund
  1243 | D:2      | Reached skill level 5 in Axes
  1243 | D:2      | Reached XP level 4. HP: 29/41 MP: 3/3
  1243 | D:2      | Reached XP level 5. HP: 34/47 MP: 4/4
  1819 | D:3      | Noticed Robin
  1821 | D:3      | Reached skill level 5 in Fighting
  1831 | D:3      | Killed Robin
  1831 | D:3      | Killed from afar by an orc priest

Skill      XL: |  1  2  3  4  5 |
---------------+----------------+-----
Axes           | 4 5 |  5.1
Fighting       | 4 5 |  5.0
Dodging        | 3 4 |  4.0
Armour         | 4 |  4.2

Action                   |  1- 3 |  4- 6 || total
-------------------------+-------+-------++-------
Melee: Hand axe          |    72 |    26 ||    98
       Headbutt          |    16 |     4 ||    20
Invok: Berserk           |       |     1 ||     1
 Stab: Sleeping          |     1 |       ||     1
  Eat: Chunk             |     1 |     2 ||     3
Armor: Animal skin       |    11 |       ||    11
       Leather armour    |     1 |     9 ||    10
Dodge: Dodged            |    42 |    25 ||    67
